 Dungeon Crawl Stone Soup version 0.23.1-42-g8abd8fc (webtiles) character file.

Game seed: 6665470720331175823

107 cklessthan3 the Skirmisher (level 4, -1/36 HPs)
             Began as a Demonspawn Abyssal Knight on Mar 30, 2019.
             Was a Believer of Lugonu.
             Slain by a gnoll (6 damage)
             ... on level 3 of the Dungeon.
             The game lasted 00:12:24 (2014 turns).

cklessthan3 the Skirmisher (DsAK)                   Turns: 2014, Time: 00:12:24

Health: -1/36      AC:  5    Str: 14    XL:     4   Next: 57%
Magic:  5/5        EV: 12    Int: 13    God:    Lugonu [**....]
Gold:   143        SH:  4    Dex: 12    Spells: 0/3 levels left

rFire    . . .     SeeInvis .   a - +1 falchion
rCold    . . .     Gourm    .   (no shield)
rNeg     . . .     Faith    .   b - +2 robe
rPois    .         Spirit   .   k - +0 helmet
rElec    .         Reflect  .   (no cloak)
rCorr    .         Harm     .   (no gloves)
MR       .....                  (no boots)
Stlth    +.........             (no amulet)
HPRegen  0.12/turn              (no ring)
MPRegen  0.09/turn              (no ring)

@: no status effects
A: large bone plates 1, powered by death 1
a: Depart the Abyss, Bend Space, Renounce Religion


You were on level 3 of the Dungeon.
You worshipped Lugonu.
Lugonu was pleased with you.
You were not hungry.

You visited 1 branch of the dungeon, and saw 3 of its levels.
You visited the Abyss 1 time.

You collected 143 gold pieces.

Inventory:

Hand Weapons
 a - a +1 falchion (weapon)
Armour
 b - a +2 robe (worn)
 k - a +0 helmet (worn)
Scrolls
 j - 3 scrolls of identify {unknown}
 m - a scroll of enchant armour {unknown}
Potions
 d - a potion of resistance {unknown}
 e - a potion of curing
 f - a potion of degeneration {unknown}
 g - a potion of brilliance {unknown}
 h - 2 potions of magic {unknown}
 i - a potion of flight {unknown}
Comestibles
 c - 3 rations


   Skills:
 + Level 3.6 Fighting
 + Level 3.2 Long Blades
 + Level 2.2 Armour
 + Level 1.8 Dodging
 + Level 0.2 Stealth
 + Level 2.6 Invocations


You couldn't memorise any spells.
You knew the following spells:

 Your Spells              Type           Power        Failure   Level  Hunger
a - Gell's Gravitas       Tloc           #.........   67%         3    ####...

Your spell library contained the following spells:

 Spells                   Type           Power        Failure   Level  Hunger
 Confusing Touch          Hex            #.....       30%         1    ##.....
 Confuse                  Hex            #.......     67%         3    ####...
 Petrify                  Tmut/Erth      #.......     97%         4    #####..
 Metabolic Englaciation   Hex/Ice        #.........   100%        5    ######.
 Yara's Violent Unravell  Hex/Tmut       #.........   100%        5    ######.


Dungeon Overview and Level Annotations

Branches:
Dungeon (3/15)

Altars:
Nemelex Xobeh
Uskayaw


Innate Abilities, Weirdness & Mutations

You are partially covered in large bone plates. (SH +4)
You regenerate a little health from kills.


Message History

You hit the jackal.
You kill the jackal!
Lugonu accepts your kill. The gnoll closely misses you.
You riposte.
You hit the gnoll.
The gnoll is heavily wounded.
You block the gnoll's attack. You block the gnoll's attack.
You barely miss the gnoll.
The gnoll hits you from afar with a +0 spear.
* * * LOW HITPOINT WARNING * * *
The gnoll hits you with a +0 spear.
* * * LOW HITPOINT WARNING * * *
The gnoll barely misses you.
You see here a jackal corpse.
You hit the gnoll.
The gnoll is heavily wounded.
The gnoll hits you with a +0 spear.
* * * LOW HITPOINT WARNING * * *
The gnoll hits you.
You die...

...............
≈≈≈≈≈≈%...≈≈≈≈≈
≈≈≈≈≈≈....≈≈≈≈≈
≈≈≈≈≈≈....≈≈≈≈≈
...........h...
....>.....g##
#%..†?#...#
#.###.#...#
#.@g#.#.####
#g##.........#
#.....#..###.#
#..........#.#
##.##.##...#.#
...#.......#.#
#####..##)..#.#
#..##.....#
....##....##


You could see 2 gnolls.

Vanquished Creatures
  Jessica (D:2)
  3 adders (D:2)
  An ooze (D:2)
  A leopard gecko (D:1)
  2 giant cockroaches (D:2)
  5 goblins
  7 hobgoblins
  4 jackals (D:3)
  3 kobolds
  A ball python (D:2)
  5 bats
  2 frilled lizards (D:1)
  17 rats
52 creatures vanquished.

Notes
Turn   | Place    | Note
-------+----------+-------------------------------------------
     0 | Abyss:1  | cklessthan3 the Demonspawn Abyssal Knight began the quest
                  | for the Orb.
     0 | Abyss:1  | Reached XP level 1. HP: 18/18 MP: 2/2
     0 | D:1      | Escaped the Abyss
    38 | D:1      | Reached * piety under Lugonu
    38 | D:1      | Gained mutation: You regenerate a little health from kills.
                  | [demonic ancestry]
    38 | D:1      | Reached XP level 2. HP: 16/24 MP: 3/3
   951 | D:2      | Reached XP level 3. HP: 8/29 MP: 4/4
   973 | D:2      | Reached skill level 1 in Dodging
  1416 | D:2      | Noticed Jessica
  1439 | D:2      | Killed Jessica
  1439 | D:2      | Gained mutation: You are partially covered in large bone
                  | plates. (SH +4) [demonic ancestry]
  1439 | D:2      | Reached XP level 4. HP: 10/35 MP: 5/5
  1821 | D:2      | Found a sparkling altar of Nemelex Xobeh.
  1829 | D:2      | Learned a level 3 spell: Gell's Gravitas
  1833 | D:2      | Found a hide-covered altar of Uskayaw.
  2005 | D:3      | Reached ** piety under Lugonu
  2014 | D:3      | Slain by a gnoll

Skill      XL: |  1  2  3 |
---------------+----------+-----
Long Blades    | 2 3 |  3.2
Armour         | 2 |  2.2
Dodging        | 1 |  1.8
Fighting       | |  3.6
Stealth        | |  0.2
Invocations    | |  2.6

Action                   |  1- 3 |  4- 6 || total
-------------------------+-------+-------++-------
Melee: Falchion          |   101 |    33 ||   134
Invok: Depart the Abyss  |     1 |       ||     1
  Use: Potion            |     1 |       ||     1
 Stab: Sleeping          |     1 |     1 ||     2
  Eat: Ration            |     1 |       ||     1
Armor: Leather armour    |    19 |       ||    19
       Ring mail         |    23 |       ||    23
       Skin              |     1 |       ||     1
       Robe              |       |    16 ||    16
Dodge: Dodged            |    77 |    27 ||   104
Block: Other             |       |     5 ||     5
       Rpst.: Falchion   |    29 |     8 ||    37
